 Dungeon Crawl Stone Soup version 0.29.0-4-gdea44cf6ec (webtiles) character file.

Game seed: 6077698299737012725

11560 qw the Brawler (level 11, -10/105 HPs)
             Began as a Troll Cinder Acolyte on Aug 30, 2022.
             Was a Follower of Ignis.
             Killed from afar by an oklob plant (14 damage)
             ... with a splash of acid
             ... on level 1 of the Lair of Beasts.
             The game lasted 00:04:18 (9018 turns).

qw the Brawler (Troll Cinder Acolyte)               Turns: 9018, Time: 00:04:19

Health: -10/105    AC:  0    Str: 28    XL:     11   Next: 50%
Magic:  11/11      EV:  9    Int: 10    God:    Ignis [*.....]
Gold:   463        SH:  0    Dex:  5    Spells: 12/12 levels left

rFire   + . .      SeeInvis .     - Unarmed
rCold   . . .      Faith    .   (no shield)
rNeg    . . .      Spirit   .   h - +2 robe {Will+}
rPois   .          Reflect  .   a - +1 hat {Will+}
rElec   .          Harm     .   q - +0 cloak
rCorr   +          Rampage  .   (gloves unavailable)
Will    ++...                   (boots unavailable)
Stlth   +.........              (no amulet)
HPRegen 1.07/turn               k - ring of resist corrosion
MPRegen 0.12/turn               l - +4 ring of protection

@: corroded, fiery-armoured
A: large, unfitting armour, claws 3, regeneration 1, shaggy fur 1, tough skin 1
a: Renounce Religion, Fiery Armour, Foxfire Swarm, Rising Flame


You were on level 1 of the Lair of Beasts.
You worshipped Ignis.
Ignis was aware of your devotion.
You visited 2 branches of the dungeon, and saw 11 of its levels.

You collected 701 gold pieces.
You spent 238 gold pieces at shops.


Innate Abilities, Weirdness & Mutations

You are too large for most types of armour.
You have claws for hands.
Your natural rate of healing is unusually fast.
You are covered in fur. (AC +1)
You have tough skin. (AC +1)


   Skills:
 + Level 6.1 Fighting
 - Level 4.0 Throwing
 - Level 2.7 Armour
 - Level 1.0 Dodging
 - Level 16.0 Unarmed Combat
 - Level 1.0 Spellcasting
 - Level 2.1 Fire Magic


You had 12 spell levels left.
You didn't know any spells.
Your spell library contained the following spells:

 Spells                   Type           Power      Damage    Failure   Level
 Scorch                   Fire           8%         2d5       22%         2

Inventory:

Missiles
 p - 12 boomerangs (quivered)
 r - 3 javelins
Armour
 a - a +1 hat of willpower (worn)
 h - a +2 robe of willpower (worn)
 o - a +0 troll leather armour
 q - a +0 cloak (worn)
Jewellery
 g - a ring of fire
 k - a ring of resist corrosion (left claw)
 l - a +4 ring of protection (right claw)
 m - a ring of positive energy
 s - a +6 ring of dexterity
Scrolls
 c - a scroll of enchant weapon
 e - 7 scrolls of identify
Potions
 b - 3 potions of curing
 d - 5 potions of haste
 j - 3 potions of might
 n - 2 potions of mutation
 t - a potion of resistance

Dungeon Overview and Level Annotations

Branches:
Dungeon (10/15)            Temple (0/1) D:6            Lair (1/5) D:10
    Orc: D:9-12

Altars:
Cheibriados
Dithmenos
Fedhas
Kikubaaqudgha
Nemelex Xobeh
Qazlal
Ru
Uskayaw
Vehumet
Zin
The Shining One

Shops:
D:4 *   D:5 =*


Message History

The splash of acid hits you! You resist. The oklob plant spits acid at you.
The splash of acid hits you. You resist. The oklob plant spits acid at you.
The splash of acid hits you. You resist. The oklob plant spits acid at you.
The splash of acid hits you. You resist. The oklob plant spits acid at you.
The splash of acid hits you! You resist. The oklob plant spits acid at you.
The splash of acid hits you. You resist. The acid corrodes you!
The oklob plant spits acid at you. The splash of acid hits you! You resist.
The acid corrodes you! The oklob plant spits acid at you.
The splash of acid hits you! You resist. The acid corrodes you!
The oklob plant spits acid at you. The splash of acid hits you. You resist.
The oklob plant spits acid at you. The splash of acid hits you! You resist.
The acid corrodes you! The oklob plant spits acid at you.
The splash of acid misses you. The oklob plant spits acid at you.
The splash of acid hits you! You resist. The acid corrodes you!
The oklob plant spits acid at you. The splash of acid hits you! You resist.
The oklob plant spits acid at you. The splash of acid hits you! You resist.
The oklob plant spits acid at you. The splash of acid hits you! You resist.
The oklob plant spits acid at you. The splash of acid hits you! You resist.
The oklob plant spits acid at you. The splash of acid misses you.
The oklob plant spits acid at you. The splash of acid hits you! You resist.
The oklob plant spits acid at you. The splash of acid hits you! You resist.
The oklob plant spits acid at you. The splash of acid hits you! You resist.
You die...

###...#...# ##..# ##.
.........####### ##.# ###..
#.........#.#..######.#### ##..'.
#........'.......#......P###..##.
#........##P.##P.........##...##.
#........########...(...##...###>
#........# ##......'..#####.
#........# ###......###.# #..
.........# #@)......# ### ##.
#........# #..PPP.....# ##
###.'##.## ##:PPP:....# ##....###
#.PPP.+#### ####.#.# .#.......#
#..## ########..## ##.# ####..# #
#######..## ##.###'### ###
..........# ##........#####.#


You could see an oklob plant.

Vanquished Creatures
  Gastronok (D:8)
  Harold (D:9)
  A two-headed ogre (D:10)
  4 cane toads (Lair:1)
  An unseen horror (D:10)
  2 komodo dragons (Lair:1)
  A polar bear (Lair:1)
  2 trolls
  A shadow (D:10)
  A wraith (D:10)
  3 wyverns
  A steam dragon (D:7)
  8 yaks
  Edmund (D:6)
  7 water moccasins
  An ice beast (D:7)
  A black bear (D:6)
  An orc warrior (D:7)
  2 sky beasts
  An ogre (D:4)
  4 centaurs
  6 wolves (Lair:1)
  A phantom (D:6)
  3 kobold brigands
  9 bullfrogs
  2 necrophages
  A scorpion (D:5)
  10 wights
  5 killer bees (D:10)
  6 howler monkeys
  2 jellies
  5 orc priests
  4 hounds
  3 iguanas
  3 orc wizards
  5 adders
  2 shadow imps
  2 white imps (D:7)
  2 worms
  A dart slug (D:1)
  18 orcs
  8 endoplasms
  A giant cockroach (D:1)
  4 goblins
  5 hobgoblins
  4 quokkas
  7 ball pythons
  20 kobolds
  3 rats
187 creatures vanquished.

Vanquished Creatures (others)
  6 fungi
  4 plants
10 creatures vanquished.

Grand Total: 197 creatures vanquished

Notes
Turn   | Place    | Note
-------+----------+-------------------------------------------
     0 | D:1      | qw the Troll Cinder Acolyte began the quest for the Orb.
     0 | D:1      | Reached XP level 1. HP: 22/22 MP: 1/1
     0 | D:1      | 0 ||| qw: Version: 0.1-a-95-gae9e614
     0 | D:1      | 0 ||| qw: Game counter: 4426
     0 | D:1      | 0 ||| qw: Always use a shield: true
     0 | D:1      | 0 ||| qw: God list: Okawaru
     0 | D:1      | 0 ||| qw: Allow faded altars: false
     0 | D:1      | 0 ||| qw: Do Orc after D:15 true
     0 | D:1      | 0 ||| qw: Do second Lair branch before Depths: true
     0 | D:1      | 0 ||| qw: Lair rune preference: random
     0 | D:1      | 0 ||| qw: Plans: Normal
     0 | D:1      | 0 ||| PLANNING D:1-11
   379 | D:1      | 379 ||| Stepping ~*~*~tactically~*~*~ (hiding).
   387 | D:1      | Reached XP level 2. HP: 29/29 MP: 2/2
   704 | D:1      | 704 ||| READING 2 scrolls labelled HUOZXA EMUZXU.
   708 | D:1      | 708 ||| READING scroll labelled DODULU BISI.
   746 | D:2      | Reached skill level 4 in Unarmed Combat
   756 | D:2      | Reached XP level 3. HP: 36/36 MP: 3/3
   973 | D:2      | Found a faded altar of an unknown god.
   977 | D:2      | 977 ||| Stepping ~*~*~tactically~*~*~ (stealth).
  1453 | D:2      | 1453 ||| READING scroll labelled UMPAUSUESO.
  1454 | D:2      | 1454 ||| READING scroll labelled LOWEAZ HUOVUDEMNU.
  1455 | D:2      | 1455 ||| READING scroll labelled JEIW UCZAIX.
  1456 | D:2      | 1456 ||| DRINKING 2 fuming yellow potions.
  2225 | D:3      | 2225 ||| UPGRADING to ring of resist corrosion.
  2226 | D:3      | 2226 ||| UPGRADING to +4 ring of protection.
  2227 | D:3      | 2227 ||| READING scroll labelled LOGYQIBLUWO.
  2228 | D:3      | 2228 ||| DRINKING 2 black potions.
  2229 | D:3      | 2229 ||| READING 3 scrolls of identify.
  2229 | D:3      | 2229 ||| IDENTIFYING clear potion
  2230 | D:3      | 2230 ||| READING 2 scrolls of identify.
  2230 | D:3      | 2230 ||| IDENTIFYING metallic red potion
  2231 | D:3      | 2231 ||| DROPPING potion of flight.
  2266 | D:4      | Noticed a necrophage
  2273 | D:4      | Killed a necrophage
  2274 | D:4      | Reached skill level 5 in Unarmed Combat
  2274 | D:4      | Reached XP level 4. HP: 44/44 MP: 4/4
  2319 | D:4      | Noticed an ogre
  2325 | D:4      | Killed an ogre
  2326 | D:4      | Reached skill level 6 in Unarmed Combat
  2326 | D:4      | Reached XP level 5. HP: 29/50 MP: 5/5
  2579 | D:4      | 2579 ||| Stepping ~*~*~tactically~*~*~ (outnumbered).
  2580 | D:4      | 2580 ||| Stepping ~*~*~tactically~*~*~ (outnumbered).
  2581 | D:4      | 2581 ||| Stepping ~*~*~tactically~*~*~ (outnumbered).
  2582 | D:4      | 2582 ||| Stepping ~*~*~tactically~*~*~ (outnumbered).
  2692 | D:4      | 2692 ||| FLEEEEING.
  2693 | D:4      | 2693 ||| FLEEEEING.
  2694 | D:4      | 2694 ||| FLEEEEING.
  2695 | D:4      | 2695 ||| FLEEEEING.
  2696 | D:4      | 2696 ||| FLEEEEING.
  2697 | D:4      | 2697 ||| FLEEEEING.
  2698 | D:4      | 2698 ||| FLEEEEING.
  2699 | D:4      | 2699 ||| FLEEEEING.
  2700 | D:4      | 2700 ||| FLEEEEING.
  2701 | D:4      | 2701 ||| FLEEEEING.
  2702 | D:4      | 2702 ||| FLEEEEING.
  2703 | D:4      | 2703 ||| FLEEEEING.
  2704 | D:4      | 2704 ||| FLEEEEING.
  2705 | D:4      | 2705 ||| FLEEEEING.
  2706 | D:4      | 2706 ||| FLEEEEING.
  2707 | D:4      | 2707 ||| FLEEEEING.
  2708 | D:4      | 2708 ||| FLEEEEING.
  2709 | D:4      | 2709 ||| FLEEEEING.
  2710 | D:4      | 2710 ||| FLEEEEING.
  2711 | D:4      | 2711 ||| FLEEEEING.
  2712 | D:4      | 2712 ||| STAIRDANCE
  2716 | D:3      | 2716 ||| READING scroll labelled RATHEE BAVIYZ.
  2719 | D:4      | 2719 ||| Stepping ~*~*~tactically~*~*~ (outnumbered).
  2823 | D:4      | Found Laego's General Store.
  2826 | D:4      | 2826 ||| BUYING scroll of identify (28 gold).
  2826 | D:4      | Bought a scroll of identify for 28 gold pieces
  2863 | D:4      | 2863 ||| INVOKING Fiery Armour.
  2866 | D:4      | Reached skill level 1 in Throwing
  2866 | D:4      | Reached XP level 6. HP: 59/59 MP: 6/6
  2866 | D:4      | 2866 ||| Stepping ~*~*~tactically~*~*~ (outnumbered).
  2867 | D:4      | 2867 ||| Stepping ~*~*~tactically~*~*~ (outnumbered).
  2901 | D:4      | 2901 ||| READING 2 scrolls of identify.
  2901 | D:4      | 2901 ||| IDENTIFYING red potion
  2902 | D:4      | 2902 ||| DROPPING potion of attraction.
  2927 | D:5      | Entered Level 5 of the Dungeon
  2927 | D:5      | Found Pejag's Assorted Antiques.
  2930 | D:5      | 2930 ||| BUYING inky potion (21 gold).
  2930 | D:5      | Bought an inky potion for 21 gold pieces
  2930 | D:5      | 2930 ||| BUYING scroll of identify (48 gold).
  2930 | D:5      | Bought a scroll of identify for 48 gold pieces
  2930 | D:5      | 2930 ||| BUYING silver ring (120 gold).
  2930 | D:5      | Bought a silver ring for 120 gold pieces
  2930 | D:5      | 2930 ||| BUYING viscous emerald potion (21 gold).
  2930 | D:5      | Bought a viscous emerald potion for 21 gold pieces
  2988 | D:5      | 2988 ||| Stepping ~*~*~tactically~*~*~ (outnumbered).
  2992 | D:5      | Reached skill level 7 in Unarmed Combat
  3082 | D:5      | Noticed a water moccasin
  3087 | D:5      | Killed a water moccasin
  3088 | D:5      | Reached XP level 7. HP: 59/66 MP: 7/7
  3209 | D:5      | Reached skill level 8 in Unarmed Combat
  3362 | D:5      | Reached skill level 3 in Fighting
  3566 | D:5      | 3566 ||| Stepping ~*~*~tactically~*~*~ (stealth).
  3601 | D:5      | Found Boabbe's Jewellery Emporium.
  3610 | D:5      | 3610 ||| SHOPLISTING ring of Thoughtfulness {Ice rElec
                  | Int+3 Dex+2} (594 gold, have 21).
  3610 | D:5      | 3610 ||| SHOPLISTING ring of ice (300 gold, have 21).
  3610 | D:5      | 3610 ||| SHOPLISTING ring of poison resistance (240 gold,
                  | have 21).
  3610 | D:5      | 3610 ||| SHOPLISTING ring of see invisible (180 gold, have
                  | 21).
  3701 | D:5      | 3701 ||| READING scroll labelled COILUGUXTEOXO.
  3702 | D:5      | 3702 ||| DRINKING 3 viscous emerald potions.
  3703 | D:5      | 3703 ||| READING 2 scrolls of identify.
  3703 | D:5      | 3703 ||| IDENTIFYING inky potion
  3704 | D:5      | 3704 ||| DROPPING potion of invisibility.
  3768 | D:6      | 3768 ||| Stepping ~*~*~tactically~*~*~ (stealth).
  3780 | D:6      | 3780 ||| INVOKING Fiery Armour.
  3781 | D:6      | HP: 11/67 [poisoned by a water moccasin]
  3782 | D:6      | 3782 ||| DRINKING 2 potions of curing.
  3782 | D:6      | 3782 ||| (to cure poison)
  3839 | D:6      | 3839 ||| Stepping ~*~*~tactically~*~*~ (stealth).
  3842 | D:6      | 3842 ||| Stepping ~*~*~tactically~*~*~ (stealth).
  3847 | D:6      | Reached skill level 9 in Unarmed Combat
  3849 | D:6      | Reached skill level 1 in Dodging
  3850 | D:6      | 3850 ||| Stepping ~*~*~tactically~*~*~ (stealth).
  3858 | D:6      | Reached XP level 8. HP: 75/75 MP: 8/8
  3895 | D:6      | Noticed Edmund
  3901 | D:6      | Killed Edmund
  3902 | D:6      | Reached skill level 10 in Unarmed Combat
  3970 | D:6      | 3970 ||| Stepping ~*~*~tactically~*~*~ (stealth).
  3979 | D:6      | Found a glowing golden altar of the Shining One.
  3981 | D:6      | Found a glowing silver altar of Zin.
  4003 | D:6      | 4003 ||| Stepping ~*~*~tactically~*~*~ (stealth).
  4061 | D:6      | Found a staircase to the Ecumenical Temple.
  4069 | D:6      | Identified the +5 spear of Optimality {flame, rN+}
  4424 | D:6      | Found a sacrificial altar of Ru.
  4434 | D:6      | Reached skill level 11 in Unarmed Combat
  4518 | D:6      | 4518 ||| UPGRADING to +2 robe of willpower.
  4528 | D:6      | 4528 ||| DROPPING +0 robe.
  4529 | D:6      | 4529 ||| READING scroll labelled BECHI HIMISKU.
  4530 | D:6      | 4530 ||| READING scroll labelled RISAGO CEUDGH.
  4531 | D:6      | 4531 ||| READING 2 scrolls of identify.
  4531 | D:6      | 4531 ||| IDENTIFYING emerald potion
  4542 | D:7      | 4542 ||| Stepping ~*~*~tactically~*~*~ (hiding).
  4572 | D:7      | Reached XP level 9. HP: 75/84 MP: 9/9
  4589 | D:7      | 4589 ||| Stepping ~*~*~tactically~*~*~ (stealth).
  4594 | D:7      | 4594 ||| FLEEEEING.
  4595 | D:7      | 4595 ||| FLEEEEING.
  4596 | D:7      | 4596 ||| FLEEEEING.
  4597 | D:7      | 4597 ||| FLEEEEING.
  4598 | D:7      | 4598 ||| STAIRDANCE
  4622 | D:7      | 4622 ||| STAIRDANCE
  4624 | D:6      | 4624 ||| Stepping ~*~*~tactically~*~*~ (outnumbered).
  4625 | D:6      | 4625 ||| Stepping ~*~*~tactically~*~*~ (outnumbered).
  4626 | D:6      | 4626 ||| Stepping ~*~*~tactically~*~*~ (outnumbered).
  4627 | D:6      | 4627 ||| Stepping ~*~*~tactically~*~*~ (outnumbered).
  4629 | D:6      | 4629 ||| Stepping ~*~*~tactically~*~*~ (outnumbered).
  4631 | D:6      | 4631 ||| Stepping ~*~*~tactically~*~*~ (outnumbered).
  4632 | D:6      | 4632 ||| Stepping ~*~*~tactically~*~*~ (outnumbered).
  4633 | D:6      | 4633 ||| Stepping ~*~*~tactically~*~*~ (outnumbered).
  4647 | D:7      | 4647 ||| STAIRDANCE
  4657 | D:7      | 4657 ||| Stepping ~*~*~tactically~*~*~ (outnumbered).
  4658 | D:7      | 4658 ||| Stepping ~*~*~tactically~*~*~ (outnumbered).
  4718 | D:7      | Noticed a troll
  4730 | D:7      | Killed a troll
  4775 | D:7      | 4775 ||| READING scroll labelled PYFAPR BARIU.
  4776 | D:7      | 4776 ||| READING scroll labelled QERPHU ZYTHRE.
  4783 | D:7      | 4783 ||| Stepping ~*~*~tactically~*~*~ (outnumbered).
  4784 | D:7      | 4784 ||| Stepping ~*~*~tactically~*~*~ (outnumbered).
  4785 | D:7      | 4785 ||| Stepping ~*~*~tactically~*~*~ (outnumbered).
  4786 | D:7      | 4786 ||| Stepping ~*~*~tactically~*~*~ (outnumbered).
  4787 | D:7      | 4787 ||| Stepping ~*~*~tactically~*~*~ (outnumbered).
  4788 | D:7      | 4788 ||| Stepping ~*~*~tactically~*~*~ (outnumbered).
  4789 | D:7      | 4789 ||| Stepping ~*~*~tactically~*~*~ (outnumbered).
  4795 | D:7      | 4795 ||| INVOKING Fiery Armour.
  4797 | D:7      | Reached skill level 12 in Unarmed Combat
  5231 | D:7      | 5231 ||| READING scroll labelled QAOKUL MACHIEW.
  5232 | D:7      | 5232 ||| READING scroll labelled BOBEVVI DEYGA.
  5261 | D:8      | 5261 ||| Stepping ~*~*~tactically~*~*~ (hiding).
  5281 | D:8      | 5281 ||| Stepping ~*~*~tactically~*~*~ (stealth).
  5284 | D:8      | 5284 ||| INVOKING Fiery Armour.
  5288 | D:8      | 5288 ||| Stepping ~*~*~tactically~*~*~ (outnumbered).
  5290 | D:8      | HP: 19/88 [asphyx]
  5291 | D:8      | 5291 ||| READING 2 scrolls of teleportation.
  5292 | D:8      | 5292 ||| DRINKING 2 potions of heal wounds.
  5354 | D:8      | 5354 ||| Stepping ~*~*~tactically~*~*~ (stealth).
  5422 | D:8      | Found an ancient bone altar of Kikubaaqudgha.
  5444 | D:8      | 5444 ||| READING scroll labelled UTUMITWAIRU.
  5445 | D:8      | 5445 ||| READING scroll of teleportation.
  5455 | D:8      | 5455 ||| INVOKING Fiery Armour.
  5457 | D:8      | Reached skill level 13 in Unarmed Combat
  5518 | D:8      | Noticed Gastronok
  5519 | D:8      | 5519 ||| Stepping ~*~*~tactically~*~*~ (stealth).
  5521 | D:8      | 5521 ||| Stepping ~*~*~tactically~*~*~ (hiding).
  5544 | D:8      | Killed Gastronok
  5545 | D:8      | Reached XP level 10. HP: 96/96 MP: 10/10
  5897 | D:8      | 5897 ||| UPGRADING to +1 hat of willpower.
  5965 | D:9      | Found a stormy altar of Qazlal.
  5965 | D:9      | Found a hide-covered altar of Uskayaw.
  5967 | D:9      | Found a snail-covered altar of Cheibriados.
  6119 | D:9      | Noticed Harold
  6121 | D:9      | 6121 ||| FLEEEEING.
  6122 | D:9      | 6122 ||| FLEEEEING.
  6130 | D:9      | Killed Harold
  6131 | D:9      | Reached skill level 3 in Throwing
  6322 | D:9      | 6322 ||| Stepping ~*~*~tactically~*~*~ (stealth).
  6334 | D:9      | Reached skill level 14 in Unarmed Combat
  6508 | D:9      | Found a radiant altar of Vehumet.
  6721 | D:9      | Found a sparkling altar of Nemelex Xobeh.
  6835 | D:9      | 6835 ||| UPGRADING to +0 cloak.
  6871 | D:10     | Entered Level 10 of the Dungeon
  6894 | D:10     | Noticed a two-headed ogre
  6899 | D:10     | Killed a two-headed ogre
  6903 | D:10     | Found a blossoming altar of Fedhas.
  6918 | D:10     | Found a shadowy altar of Dithmenos.
  6922 | D:10     | Reached skill level 6 in Fighting
  6983 | D:10     | 6983 ||| Stepping ~*~*~tactically~*~*~ (hiding).
  6984 | D:10     | 6984 ||| Stepping ~*~*~tactically~*~*~ (hiding).
  7200 | D:10     | Found a staircase to the Lair.
  7252 | D:10     | 7252 ||| INVOKING Fiery Armour.
  7386 | D:10     | 7386 ||| Stepping ~*~*~tactically~*~*~ (stealth).
  7388 | D:10     | 7388 ||| Stepping ~*~*~tactically~*~*~ (stealth).
  7390 | D:10     | 7390 ||| Stepping ~*~*~tactically~*~*~ (stealth).
  7394 | D:10     | 7394 ||| Stepping ~*~*~tactically~*~*~ (stealth).
  7400 | D:10     | Reached XP level 11. HP: 92/105 MP: 11/11
  7562 | D:10     | 7562 ||| Stepping ~*~*~tactically~*~*~ (stealth).
  7564 | D:10     | 7564 ||| Stepping ~*~*~tactically~*~*~ (stealth).
  7686 | D:10     | 7686 ||| PLANNING LAIR
  7709 | Lair:1   | Entered Level 1 of the Lair of Beasts
  7721 | Lair:1   | Reached skill level 15 in Unarmed Combat
  7929 | Lair:1   | 7929 ||| INVOKING Fiery Armour.
  8089 | Lair:1   | Noticed an oklob plant
  8090 | Lair:1   | 8090 ||| INVOKING Fiery Armour.
  8119 | Lair:1   | 8119 ||| READING scroll of teleportation.
  8219 | Lair:1   | 8219 ||| INVOKING Fiery Armour.
  8299 | Lair:1   | 8299 ||| Stepping ~*~*~tactically~*~*~ (stealth).
  8330 | Lair:1   | 8330 ||| Stepping ~*~*~tactically~*~*~ (stealth).
  8417 | Lair:1   | Reached skill level 16 in Unarmed Combat
  8605 | Lair:1   | 8605 ||| INVOKING Fiery Armour.
  8667 | Lair:1   | HP: 21/105 [oklob plant/splash of acid (17)]
  8668 | Lair:1   | 8668 ||| READING 3 scrolls of teleportation.
  8668 | Lair:1   | HP: 10/105 [oklob plant/splash of acid (12)]
  8669 | Lair:1   | 8669 ||| DRINKING potion of heal wounds.
  8742 | Lair:1   | 8742 ||| INVOKING Fiery Armour.
  8751 | Lair:1   | 8751 ||| READING 2 scrolls of teleportation.
  8849 | Lair:1   | 8849 ||| READING scroll of teleportation.
  8951 | Lair:1   | 8951 ||| INVOKING Fiery Armour.
  9003 | Lair:1   | HP: 23/105 [oklob plant/splash of acid (10)]
  9004 | Lair:1   | HP: 11/105 [oklob plant/splash of acid (13)]
  9014 | Lair:1   | HP: 11/105 [oklob plant/splash of acid (10)]
  9016 | Lair:1   | HP: 2/105 [oklob plant/splash of acid (12)]
  9018 | Lair:1   | Killed from afar by an oklob plant

Levels and vault maps discovered:
D:1:      amcnicky_arrival_double_pillar, layout_loops_ring
D:2:      layout_loops_corners, hellmonk_ecumenical_altar_lost_god
D:3:      layout_basic
D:4:      layout_rooms, serial_shops, kennysheep_mini,
          kennysheep_generic_room_14
D:5:      layout_basic, serial_shops, shop_fountains, nicolae_stop_n_shop_2,
          hex_large, nrook_loot_triangle
D:6:      layout_basic, grunt_temple_overflow_open, minmay_temple_entry_grid,
          chequers_serial_rivers_micro_a, uniq_edmund
D:7:      layout_cave_pools, chequers_serial_rivers_room_b,
          minmay_fractal_squares_gapless_5
D:8:      layout_basic, amcnicky_altar_gilded, uniq_gastronok
D:9:      layout_basic, nicolae_overflow_quartered_altars,
          mainiacjoe_overflow_alcove_2, uniq_harold
D:10:     layout_irregular_city, fedhas_altar_3, grunt_dithmenos_shadows,
          lair_entry_dummy
Lair:1:   layout_roguey, nicolae_volcano_entry_s_turn, minmay_lair_oklob_bushes,
          minivault_24

Skill      XL: |  1  2  3  4  5  6  7  8  9 10 11 |
---------------+----------------------------------+-----
Unarmed Combat | 4 5 6 7 9 11 13 14 16 | 16.0
Throwing       | 1 3 4 |  4.0
Fighting       | 3 4 5 6 |  6.1
Dodging        | 1 |  1.0
Armour         | 2 |  2.7
Spellcasting   | |  1.0
Fire Magic     | |  2.1

Action                   |  1- 3 |  4- 6 |  7- 9 | 10-12 || total
-------------------------+-------+-------+-------+-------++-------
Melee: Unarmed           |    60 |    55 |   204 |   188 ||   507
       Punch             |     2 |     1 |     9 |     3 ||    15
Throw: Boomerang         |       |     8 |    27 |    10 ||    45
       Javelin           |       |       |       |    32 ||    32
Invok: Fiery Armour      |       |     1 |     4 |     7 ||    12
  Use: Scroll            |     8 |     2 |    12 |     4 ||    26
       Potion            |     2 |       |     3 |     1 ||     6
Armor: Robe              |    10 |    18 |    95 |    85 ||   208
Dodge: Dodged            |    10 |    17 |    74 |    64 ||   165

Table legend:
 A = Non-vault XP
 B = Vault XP
 C = Vault XP percentage of total XP
 D = Non-vault monster count
 E = Vault monster count
 F = Vault count percentage of total count
                 A         B        C        D         E       F
            +---------+---------+-------+---------+---------+-------
      Total |   13244 |    3271 |  19.8 |     178 |       9 |   4.8
            +---------+---------+-------+---------+---------+-------
        D:1 |      27 |       0 |   0.0 |      14 |       0 |   0.0
        D:2 |      43 |       0 |   0.0 |      10 |       0 |   0.0
        D:3 |       8 |       0 |   0.0 |       5 |       0 |   0.0
        D:4 |     376 |       0 |   0.0 |      22 |       0 |   0.0
        D:5 |     487 |       0 |   0.0 |      10 |       0 |   0.0
        D:6 |    1704 |     162 |   8.7 |      30 |       1 |   3.2
        D:7 |     970 |     548 |  36.1 |      14 |       5 |  26.3
        D:8 |     818 |    1461 |  64.1 |      15 |       1 |   6.2
        D:9 |    1021 |     886 |  46.5 |      10 |       1 |   9.1
       D:10 |    3222 |     214 |   6.2 |      26 |       1 |   3.7
     Lair:1 |    4568 |       0 |   0.0 |      22 |       0 |   0.0
            +---------+---------+-------+---------+---------+-------
